Map: Abiogenesis LE

Players

Test - Winner!

  • Race: Terran Terran
  • Spawn Location: 5:00

SilentGhost

  • Race: Terran Terran
  • League: Gold
  • Spawn Location: 11:00

VOD

Have the link to the VOD?

Description

Time

  • Played on: May 13, 2018, 8 p.m.
  • Length: 44:47
Show
View Real Time Build Order
Export as new Build Order

Test Terran - Winner!

Build Orders: MMM Bio 

Get SALT Encoding   

  12  0:01  SCV  
  13  0:15  Supply Depot  
  13  0:18  SCV  
  14  0:26  Refinery  
  14  0:30  SCV  
  15  0:42  SCV  
  16  0:54  SCV  
  17  0:58  Barracks  
  17  1:06  SCV  
  18  1:21  Barracks  
  18  1:26  SCV, Barracks  
  19  1:43  Supply Depot  
  19  1:45  Marine  
  20  1:59  Bunker  
  20  2:06  Engineering Bay  
  20  2:07  Barracks Reactor  
  20  2:13  SCV  
  20  2:15  Marine  
  22  2:23  Barracks Reactor  
  22  2:41  Orbital Command  
  23  2:47  Marine x2  
  25  2:56  Barracks Tech Lab  
  24  3:02  Supply Depot  
  24  3:06  Marine x2  
  24  3:08  Marine x2  
  28  3:33  Command Center  
  28  3:41  Stimpack  
  28  3:42  Marine x3  
  28  3:45  Refinery  
  31  3:53  Terran Infantry Weapons Level 1  
  31  3:55  Marine  
  32  3:57  Marine  
  33  4:10  Marine  
  33  4:11  Marine  
  33  4:14  Supply Depot  
  35  4:38  SCV  
  36  4:46  Factory  
  36  4:48  Refinery  
  36  4:49  Orbital Command  
  36  4:50  SCV  
  37  5:02  SCV  
  38  5:07  Factory  
  38  5:15  Marine x2  
  38  5:16  Marine  
  38  5:19  SCV  
  42  5:22  SCV  
  43  5:31  Marine, SCV  
  43  5:32  Factory Tech Lab  
  45  5:39  SCV  
  46  5:43  SCV  
  47  5:51  SCV, Siege Tank  
  47  5:52  Factory Tech Lab  
  47  5:55  SCV  
  52  5:58  Terran Infantry Armor Level 1  
  52  6:06  SCV  
  52  6:08  SCV  
  52  6:11  Refinery  
  54  6:17  Supply Depot  
  54  6:19  Armory  
  54  6:29  Siege Tank  
  57  6:37  Marine x2  
  57  6:38  Marine x2  
  61  6:45  SCV  
  62  6:51  Siege Tank  
  65  6:57  SCV  
  66  7:03  Starport  
  66  7:06  Starport  
  66  7:08  Terran Vehicle Weapons Level 1  
  66  7:09  Supply Depot  
  66  7:11  Supply Depot  
  66  7:14  Missile Turret  
  66  7:16  Missile Turret  
  66  7:20  SCV  
  67  7:32  SCV  
  68  7:40  Starport Tech Lab  
  68  7:47  Siege Tank x2  
  68  7:49  Marine x3  
  68  7:50  Starport Tech Lab  
  77  7:51  Starport Reactor  
  77  7:59  SCV  
  77  8:02  Raven  
  80  8:07  SCV  
  80  8:12  SCV  
  82  8:19  SCV, Supply Depot  
  83  8:24  SCV  
  84  8:36  SCV  
  84  8:40  Medivac x2  
  89  8:42  Supply Depot  
  89  8:48  SCV, Raven  
  90  8:53  Command Center  
  92  9:06  Siege Tank  
  92  9:07  Siege Tank  
  92  9:08  Supply Depot  
  92  9:09  Supply Depot  
  98  9:10  Medivac  
  98  9:13  Medivac  
  102  9:29  SCV x2  
  102  9:30  Terran Vehicle Weapons Level 2  
  104  9:42  Marine  
  104  9:43  Marine x4, Armory  
  109  9:48  Combat Shields  
  109  9:55  SCV x2  
  111  10:05  Terran Infantry Weapons Level 2  
  111  10:07  SCV  
  111  10:08  Supply Depot x3  
  112  10:14  Refinery  
  112  10:34  Supply Depot  
  108  10:40  Refinery  
  108  10:56  Marine  
  108  10:57  Marine x3  
  109  11:02  Viking x3  
  118  11:05  SCV x2  
  120  11:19  Orbital Command  
  120  11:21  Marine x2  
  120  11:22  Marine x3  
  125  11:27  Thor x2  
  137  11:39  Marine x2  
  139  11:40  Marine x3  
  142  11:57  Marine x4  
  142  11:58  Marine  
  129  12:09  Thor  
  129  12:10  Thor  
  129  12:14  Marine  
  129  12:15  Marine  
  143  12:22  Liberator  
  132  13:23  Missile Turret  
  132  13:40  Command Center  
  132  13:53  Refinery  
  132  14:01  Refinery  
  132  14:08  Command Center  
  114  14:41  Supply Depot  
  114  15:23  Orbital Command  
  114  15:29  Supply Depot  
  114  15:30  Orbital Command  
  109  15:52  Supply Depot  
  109  16:15  Supply Depot  
  102  16:20  SCV  
  102  16:21  Thor  
  102  16:23  Thor  
  86  16:32  SCV  
  58  16:37  Supply Depot  
  58  16:39  Marine x5  
  53  16:44  SCV  
  53  16:46  Orbital Command  
  55  16:56  SCV  
  55  16:57  Marine x3, Command Center  
  55  17:00  Supply Depot  
  59  17:04  Thor  
  59  17:06  Thor  
  71  17:08  SCV  
  71  17:14  Engineering Bay  
  72  17:18  SCV x2  
  72  17:20  SCV  
  75  17:24  Supply Depot  
  74  17:30  SCV  
  74  17:32  Marine  
  74  17:33  Marine x3  
  79  17:47  Thor  
  79  17:49  Thor  
  91  18:01  Missile Turret  
  91  18:07  Missile Turret x2  
  91  18:16  Missile Turret  
  91  18:21  Missile Turret  
  91  18:30  Cyclone  
  91  18:31  Orbital Command  
  91  18:32  Cyclone  
  97  18:36  Marine x2, Refinery  
  97  18:37  Refinery  
  99  18:42  Marine x2  
  99  18:43  Marine  
  99  18:46  Missile Turret  
  102  18:53  SCV  
  102  18:54  Marine x2  
  105  18:58  SCV  
  105  19:02  Cyclone  
  109  19:04  Marine x3, Thor  
  109  19:05  SCV  
  119  19:10  SCV  
  119  19:11  Marine x2  
  119  19:13  Missile Turret  
  122  19:22  Marine, SCV  
  122  19:23  Starport  
  124  19:30  Marine x4, SCV  
  129  19:32  Supply Depot  
  129  19:34  Thor  
  135  19:42  SCV  
  136  19:47  Missile Turret  
  136  19:50  Thor  
  129  19:55  SCV  
  129  19:56  Supply Depot  
  110  20:07  SCV  
  111  20:08  Missile Turret  
  107  20:58  SCV  
  108  21:11  SCV  
  109  21:23  Marine x2  
  109  21:24  Marine x3  
  113  21:31  Orbital Command  
  113  21:41  Missile Turret  
  113  21:42  Starport Tech Lab  
  113  21:47  Marine x2  
  115  21:54  Missile Turret  
  115  21:55  Siege Tank  
  115  21:56  Siege Tank  
  121  22:05  Raven  
  123  22:11  Terran Vehicle Weapons Level 3  
  123  22:14  Missile Turret  
  123  22:26  Command Center  
  123  22:31  Siege Tank x2  
  123  22:36  Missile Turret  
  109  22:48  Raven  
  111  22:54  Refinery  
  111  22:56  Missile Turret  
  111  23:03  Thor  
  117  23:20  Refinery  
  117  23:38  Banshee, Thor  
  126  23:45  Thor  
  132  23:50  SCV  
  133  24:05  SCV  
  132  24:12  Missile Turret  
  130  24:22  Missile Turret  
  129  24:31  SCV x3  
  132  24:42  Missile Turret  
  132  24:43  SCV  
  133  24:58  Missile Turret  
  133  25:24  Supply Depot  
  133  25:26  Supply Depot  
  133  25:30  Supply Depot x3  
  133  25:32  Supply Depot  
  133  25:34  Terran Vehicle And Ship Armor Level 1  
  133  25:35  Supply Depot  
  133  25:46  Thor  
  133  25:48  Supply Depot, Thor  
  133  25:49  Supply Depot  
  145  25:50  Armory  
  145  25:54  Supply Depot  
  145  25:56  Supply Depot  
  142  26:27  Supply Depot x3  
  142  26:45  Supply Depot  
  142  26:48  Supply Depot, Thor  
  142  26:49  SCV, Thor  
  155  27:07  SCV  
  145  27:31  Thor  
  145  27:35  Command Center  
  148  28:25  Missile Turret  
  148  28:44  Supply Depot  
  148  28:49  Command Center  
  145  29:05  Thor x2  
  145  29:07  Supply Depot  
  157  29:34  Supply Depot  
  157  29:48  Thor  
  169  29:53  Raven  
  169  29:58  Supply Depot  
  169  29:59  Marine x4  
  175  30:04  Siege Tank  
  172  30:10  SCV  
  172  30:13  Missile Turret  
  173  30:21  Supply Depot  
  173  30:22  SCV  
  173  30:29  Missile Turret  
  173  30:31  Thor  
  173  30:33  Missile Turret  
  173  30:34  SCV  
  180  30:36  Siege Tank  
  183  30:46  SCV  
  182  31:08  Siege Tank  
  73  31:35  Thor  
  79  31:40  Thor  
  85  31:52  Refinery  
  85  32:09  SCV  
  85  32:21  SCV  
  86  32:26  Orbital Command  
  86  32:33  SCV  
  87  32:40  Missile Turret  
  87  32:45  SCV  
  88  32:52  SCV  
  88  32:53  SCV x2  
  88  32:58  SCV  
  92  33:02  Missile Turret  
  92  33:04  SCV  
  93  33:10  SCV  
  94  33:21  Thor  
  94  33:22  SCV  
  101  33:33  Thor  
  107  33:34  SCV  
  108  33:46  SCV  
  109  34:03  Raven  
  106  34:18  Planetary Fortress  
  106  34:21  SCV  
  107  34:33  SCV  
  108  34:44  Thor  
  104  34:58  Command Center  
  104  35:24  Refinery  
  104  35:30  Refinery  
  104  35:38  Raven  
  106  35:45  Missile Turret, Refinery  
  105  35:57  SCV  
  105  36:02  Refinery  
  105  36:03  Missile Turret  
  106  36:09  SCV  
  106  36:10  Refinery  
  107  36:20  Orbital Command  
  107  36:21  SCV  
  108  36:34  SCV  
  109  36:40  Thor  
  109  36:46  SCV  
  116  36:49  Siege Tank  
  119  36:58  SCV  
  120  37:21  Siege Tank  
  123  37:25  Thor  
  118  39:02  Thor x2  
  73  39:45  Thor x2  
  70  40:01  SCV  
  71  40:28  Thor x2  
  76  40:31  SCV  
  80  40:37  Missile Turret  
  80  40:43  SCV  
  80  40:44  Missile Turret  
  81  40:55  SCV  
  82  41:05  Raven  
  82  41:07  SCV  
  82  41:11  Thor x2  
  97  41:19  SCV  
  98  41:42  SCV  
  99  41:48  Raven  
  99  41:53  Terran Vehicle And Ship Armor Level 2, Thor  
  99  41:54  SCV, Thor  
  114  42:06  SCV  
  115  42:18  SCV  
  116  42:31  Raven  
  116  42:36  Thor x2  
  130  43:14  Raven  
  130  43:19  Thor x2  
  130  44:02  Thor x2  
Show
View Real Time Build Order
Export as new Build Order

SilentGhost Terran 

Build Orders:  

Get SALT Encoding   

  12  0:13  Refinery  
  12  0:19  Supply Depot  
  12  0:22  SCV  
  13  0:34  SCV  
  14  0:46  Barracks  
  14  0:47  SCV  
  15  0:59  SCV  
  17  1:11  SCV  
  17  1:23  SCV  
  18  1:26  Supply Depot  
  18  1:33  Barracks Tech Lab  
  18  1:35  SCV  
  19  1:47  SCV  
  19  1:48  Supply Depot  
  19  1:54  Marauder  
  22  1:59  SCV  
  23  2:02  Refinery  
  23  2:08  Concussive Shells  
  23  2:11  SCV  
  23  2:14  Bunker  
  24  2:24  SCV  
  25  2:36  SCV  
  26  2:38  Command Center  
  26  2:42  Marine  
  27  2:48  SCV  
  28  2:55  Factory  
  28  3:00  Marine  
  28  3:04  Orbital Command  
  29  3:18  Engineering Bay  
  29  3:40  Factory Tech Lab  
  29  3:48  Starport  
  29  3:52  Refinery  
  29  3:56  SCV  
  29  3:58  Sensor Tower  
  30  4:08  SCV  
  31  4:10  Siege Tank  
  34  4:18  Bunker  
  34  4:19  Refinery  
  34  4:21  SCV  
  35  4:26  Hi-Sec Auto Tracking  
  35  4:28  Viking  
  35  4:29  Missile Turret  
  37  4:33  SCV  
  37  4:38  Missile Turret  
  38  4:45  SCV  
  39  4:50  Marine  
  40  4:57  SCV  
  41  5:07  Missile Turret  
  41  5:08  Marine  
  41  5:09  SCV  
  41  5:13  Missile Turret  
  43  5:21  SCV  
  43  5:26  Marauder  
  46  5:31  Missile Turret  
  46  5:34  Missile Turret  
  46  5:39  Orbital Command  
  46  5:43  Starport Tech Lab  
  46  5:53  Missile Turret  
  46  5:56  Supply Depot  
  46  6:15  Missile Turret  
  46  6:19  SCV  
  47  6:31  SCV  
  48  6:38  Missile Turret, Banshee  
  51  6:42  Missile Turret  
  51  6:43  SCV  
  52  6:55  SCV  
  52  6:58  Supply Depot  
  52  7:01  Building Armor  
  53  7:06  Command Center  
  53  7:07  SCV  
  54  7:11  Ghost Academy  
  54  7:21  Medivac, Ghost Academy  
  56  7:36  Siege Tank  
  59  7:41  Bunker  
  61  7:56  Personal Cloaking  
  61  8:04  Ghost Academy x2  
  61  8:05  Nuke  
  61  8:11  Supply Depot  
  61  8:17  Siege Tank  
  61  8:19  Unknown  
  66  8:20  Supply Depot  
  66  8:37  Nuke  
  66  8:38  Nuke  
  66  8:44  Neosteel Frame  
  66  8:47  Unknown  
  66  8:48  Marauder  
  68  8:55  Command Center  
  68  9:09  Marine  
  69  9:22  Nuke  
  69  9:26  Marine  
  70  9:34  Ghost Academy  
  70  9:38  Ghost Academy  
  70  9:40  Ghost Academy  
  70  9:44  Marine  
  71  10:02  Marine  
  71  10:04  Terran Infantry Weapons Level 1  
  72  10:09  Nuke  
  72  10:10  Nuke x2  
  72  10:20  Marine  
  73  10:23  Refinery  
  71  10:38  Marine  
  72  10:55  Marine  
  73  11:13  Marine, Banshee  
  77  11:19  Combat Shields  
  79  12:00  Unknown  
  79  12:59  Nuke x5  
  79  13:00  Nuke  
  79  13:25  Unknown  
  79  13:32  Nuke  
  63  16:01  Command Center  
  63  16:04  Banshee  
  56  16:36  Unknown  
  56  16:47  Banshee  
  59  16:55  Cloaking Field  
  59  17:02  Command Center  
  57  17:15  Siege Tank  
  60  17:17  Supply Depot x2  
  60  17:47  Siege Tank  
  60  17:49  Refinery  
  60  17:50  Refinery, Supply Depot  
  63  17:57  Bunker  
  63  18:09  Orbital Command  
  63  18:21  Command Center  
  63  18:22  Orbital Command  
  63  18:27  Bunker  
  65  18:41  Hyperflight Rotors  
  65  18:43  Orbital Command  
  65  18:58  Marine, Unknown  
  66  19:08  Nuke x4  
  66  19:16  Marine  
  67  19:19  Barracks  
  67  19:24  Starport  
  67  19:34  Marine  
  68  19:52  Marine  
  66  20:01  Starport  
  66  20:18  Barracks Tech Lab  
  65  21:28  Viking x2  
  69  22:57  Missile Turret  
  58  24:31  Unknown  
  53  24:53  Orbital Command  
  53  24:59  Nuke x3  
  53  25:00  Nuke x2  
  53  26:39  Cyclone  
  54  27:02  Orbital Command  
  54  27:25  Orbital Command  
  52  28:03  Refinery  
  52  28:09  Starport Tech Lab  
  52  28:12  Starport Tech Lab  
  56  29:50  Cyclone  
  56  29:52  Nuke x4  
  59  30:03  Unknown x2  
  59  30:08  Refinery  
  59  30:09  Orbital Command  
  59  30:19  SCV x2  
  61  30:31  SCV x2  
  63  30:43  SCV x2  
  65  31:02  Missile Turret  
  49  32:04  Banshee x2  
  49  32:05  Banshee  
  58  32:14  Supply Depot  
  58  32:16  Supply Depot  
  58  32:17  Supply Depot  
  58  32:18  Supply Depot  
  55  32:47  Banshee  
  58  32:55  Command Center  
  58  32:56  Bunker  
  58  32:59  Banshee  
  58  33:00  Banshee  
  64  33:11  Armory  
  64  33:15  Armory  
  64  33:27  Bunker  
  64  33:30  Banshee  
  67  33:42  Banshee  
  67  33:46  Refinery  
  63  34:12  Refinery  
  63  34:19  Supply Depot  
  51  35:01  Orbital Command  
  51  35:11  Nuke  
  51  35:25  Orbital Command  
  45  36:20  Terran Ship Weapons Level 1  
  45  36:23  Terran Vehicle And Ship Armor Level 1  
  45  36:25  SCV  
  46  36:35  SCV  
  46  36:37  SCV  
  48  36:42  Refinery  
  50  36:47  SCV  
  50  36:49  SCV  
  52  36:56  Supply Depot  
  52  36:59  SCV  
  53  37:01  SCV  
  54  37:13  Unknown  
  54  37:14  SCV  
  53  38:09  Banshee  
  53  38:10  Banshee x2  
  61  38:34  Command Center  
  61  38:52  Banshee  
  61  38:53  Banshee x2  
  28  39:54  Supply Depot x2  
  28  39:56  Supply Depot  
  28  39:57  Supply Depot  
  28  40:14  Orbital Command  
  24  41:19  SCV  
  25  41:31  SCV  
  26  41:40  Refinery  
  26  41:43  SCV  
  26  41:45  Orbital Command, Refinery  
  27  41:55  SCV  
  27  41:56  Refinery  
  27  41:57  Refinery  
  27  42:00  Bunker  
  28  42:05  Bunker  
  28  42:08  SCV  
  29  42:09  Bunker  
  29  42:10  Marine x2  
  31  42:19  SCV  
  32  42:27  Marine  
  32  42:28  Marine  
  34  42:30  Supply Depot  
  34  42:31  SCV  
  34  42:32  SCV  
  36  42:43  SCV  
  37  42:44  SCV  
  37  42:45  Marine x2  
  37  42:50  Missile Turret  
  40  42:54  Supply Depot  
  40  42:55  SCV  
  40  42:56  SCV  
  40  42:57  SCV  
  43  43:03  Marine x2  
  45  43:07  SCV  
  45  43:09  SCV  
  47  43:13  Missile Turret  
  47  43:17  Supply Depot  
  47  43:21  Marine, SCV  
  43  43:33  SCV  
  34  43:45  SCV  
Tags
 
Composition
MMM Bio
League
Gold
Matchup
TvT
Race
Terran
Spawn Locations
Cross Positions
Add a new tag
Caveats
  • Supply blocks, unpowered buildings, or Contaminate may cause inaccurate times.
  • Supply counts are checked every 10 seconds.